Description

2 Base Void Ray Rush.

Replay - Heavy Artillery LE (35)

Build Order

Get SALT Encoding   

  12  0:06  Probe  
  13  0:18  Probe  
  14  0:23  Pylon  
  14  0:31  Probe  
  15  0:44  Gateway  
  15  0:48  Pylon  
  15  0:51  Probe  
  16  0:59  Probe  
  17  1:08  Probe, Assimilator x2  
  18  1:18  Probe  
  19  1:26  Probe  
  20  1:33  Zealot  
  20  1:35  Probe  
  23  1:43  Cybernetics Core  
  23  1:47  Probe  
  24  2:00  Zealot  
  27  2:18  Nexus  
  27  2:24  Pylon  
  27  2:29  Zealot  
  29  2:49  Pylon  
  31  2:58  Pylon  
  32  3:06  Forge  
  37  3:49  Assimilator x2  
  40  4:23  Photon Cannon  
  38  4:31  Stargate x2  
  38  4:37  Stargate x2  
  40  4:52  Photon Cannon  
  40  4:58  Photon Cannon  
  41  5:06  Photon Cannon x2  
  41  5:11  Photon Cannon  
  43  5:30  Void Ray x3  
  56  5:42  Void Ray  
  61  5:51  Photon Cannon x2  
  61  6:02  Photon Cannon  
  61  6:12  Void Ray x2  
  69  6:23  Void Ray  
  73  6:44  Void Ray  
  77  6:55  Void Ray x2  
  89  7:19  Photon Cannon  
  93  8:03  Nexus  
Spawning Tool Build Advisor. Get it on Overwolf

Go to:

Details

  • Created by: LightWisdom
  • Published on: Jan 10, 2021
  • Modified on: Jan 10, 2021
  • Patch: 4.11.0
  • Difficulty: Medium
Show
View Real Time Build Order
Export as new Build Order

Comments (1)

On May 3, 2023, 3:32 a.m., Nigel  said:

Sorry but it's very low level and the build is very inefficient. Thanks for upping but just letting know for people searching for a good void build

Create an account to comment!